[Event "Titled Tuesday Blitz June 07 Early 2022"]
[White "Sapunov, Evgeny"]
[Black "Kozak, Adam"]
[WhiteFideId "4126661"]
[BlackFideId "753246"]
[WhiteElo "2470"]
[BlackElo "2459"]
[Result "1/2-1/2"]
[Round "06"]
[TimeControl "180+1"]
[Date "2022.06.07"]
[WhiteClock "0:00:03"]
[BlackClock "0:00:08"]

1. c4 Nf6 2. Nf3 g6 3. Nc3 Bg7 4. e4 d6 5. d4 O-O 6. Be2 Bg4 7. Be3 Nc6 8. d5 Bxf3 9. Bxf3 Ne5 10. Be2 c5 11. O-O Ned7 12. Qd2 a6 13. a4 Qa5 14. Qc2 Rab8 15. Bd2 Qd8 16. Rad1 Ne8 17. f4 Nc7 18. Kh1 Nb6 19. Bd3 Nd7 20. Be3 Na8 21. h3 Qa5 22. Bd2 Qb6 23. b3 Nc7 24. Rde1 Qa7 25. Be3 b5 26. cxb5 axb5 27. Nxb5 Nxb5 28. Bxb5 Nf6 29. Qd3 Ne8 30. Bd2 Nc7 31. Bc4 Qb7 32. e5 Rfd8 33. e6 f5 34. g4 Rf8 35. Kh2 Bd4 36. Qf3 Na8 37. a5 Nc7 38. Re2 Qa8 39. Rg2 Kh8 40. Bc3 Nb5 41. Bd2 Nc7 42. h4 fxg4 43. Rxg4 Rf5 44. Rg5 Rbf8 45. Kg3 Be5 46. Qe4 Bd4 47. Rf3 Bf6 48. Rxf5 gxf5 49. Qd3 Qe8 50. Kg2 Qh5 51. Be1 Rg8+ 52. Rg3 Ra8 53. Rg5 Bxg5 54. hxg5 Qg4+ 55. Qg3 Qxg3+ 56. Kxg3 Kg7 57. Kh4 Kg6 58. Bc3 h6 59. Be2 hxg5+ 60. fxg5 Nxd5 61. Bh5+ Kh7 62. Bd2 Ra7 63. Bf3 Nc7 64. Kh5 Nxe6 65. g6+ Kg7 66. Bc3+ Nd4 67. Bd5 e5 68. Kg5 f4 69. Be4 Nxb3 70. Kf5 Nxa5 71. Ke6 Nc4 72. Kd5 Ra4 73. Bd3 Ne3+ 74. Kxd6 Ng4 75. Bf5 Rc4 76. Ba1 Ra4 77. Bb2 Ra2 78. Bc3 Ra6+ 79. Kxc5 Ra8 80. Bxg4 Kxg6 81. Bxe5 Kg5 82. Be6 Re8 83. Kd6 f3 84. Bg3 Rb8 85. Ke5 Rb2 86. Bd5 Kg4 87. Bxf3+ Kxf3 88. Bh4 Rb5+ 89. Kd6 Ke4 90. Kc6 Rf5 91. Bg3 Kd4 92. Kb7 Kc5 93. Ka8 Rf7 94. Bh2 Kc6 95. Bg3 Rf3 96. Bh2 Rb3 97. Bb8 Ra3+ 98. Ba7 Ra2 99. Kb8 Rb2+ 100. Ka8 Rg2 101. Bb8 Rg8 102. Ka7 Rg7+ 103. Ka8 Rg8 104. Ka7 Kb5 105. Kb7 Re8 106. Bc7 Kc4 107. Kc6 Re6+ 108. Bd6 Re2 109. Bc7 Ra2 110. Bd6 Ra6+ 111. Kd7 Kd5 112. Bg3 Ra7+ 113. Kc8 Kc6 114. Kb8 Ra6 115. Bf4 Ra4 116. Bg3 Kb6 117. Bf2+ Kc6 118. Bg3 Rg4 119. Bh2 Kb6 120. Ka8 Ra4+ 121. Kb8 Ra1 122. Kc8 Rh1 123. Bf4 Rf1 124. Bg3 Kc6 125. Kb8 Rf3 126. Bh2 Ra3 127. Bg1 Ra2 128. Be3 Ra1 129. Bf4 Ra5 130. Bg3 Rb5+ 131. Ka8 Rg5 132. Bf4 Ra5+ 133. Kb8 Rf5 134. Bg3 Kb6 135. Ka8 Ra5+ 136. Kb8 Ra2 137. Bf4 Re2 1/2-1/2


[Site "https://www.chess.com"]

[Event "Titled Tuesday Blitz June 07 Early 2022"]
[White "Skliarov, Viktor"]
[Black "Suleymanli, Aydin"]
[WhiteFideId "14106736"]
[BlackFideId "13413937"]
[WhiteElo "2229"]
[BlackElo "2481"]
[Result "0-1"]
[Round "06"]
[TimeControl "180+1"]
[Date "2022.06.07"]
[WhiteClock "0:00:05"]
[BlackClock "0:01:17"]

1. e4 c5 2. Nf3 Nf6 3. e5 Nd5 4. Nc3 e6 5. Nxd5 exd5 6. d4 Nc6 7. dxc5 Bxc5 8. c3 d6 9. b4 Bb6 10. Qxd5 dxe5 11. Qxd8+ Bxd8 12. b5 Na5 13. Nxe5 Bf6 14. f4 O-O 15. Bd3 Rd8 16. Bc2 Nc4 17. O-O Nxe5 18. fxe5 Bxe5 19. Bb3 Be6 20. Bxe6 fxe6 21. Bg5 Bxc3 22. Bxd8 Bxa1 23. Be7 Bd4+ 24. Kh1 Re8 25. Bd6 e5 26. g3 h6 27. Kg2 Bb6 28. Kf3 Re6 29. Bb4 Rf6+ 30. Ke2 Rxf1 31. Kxf1 Kf7 32. Ke2 e4 33. Bc3 g6 34. g4 Ke6 35. a4 Bc5 36. h3 Kd5 37. Bd2 h5 38. gxh5 gxh5 39. Be1 Kc4 40. Bd2 Kb3 41. a5 Kc4 42. a6 b6 43. Be3 Kxb5 0-1


[Site "https://www.chess.com"]

[Event "Titled Tuesday Blitz June 07 Early 2022"]
[White "Slugin, Sergey"]
[Black "Howell, David W L"]
[WhiteFideId "4122569"]
[BlackFideId "410608"]
[WhiteElo "2358"]
[BlackElo "2559"]
[Result "0-1"]
[Round "06"]
[TimeControl "180+1"]
[Date "2022.06.07"]
[WhiteClock "0:00:05"]
[BlackClock "0:00:13"]

1. c4 h5 2. Nc3 c5 3. Nf3 Nc6 4. d4 cxd4 5. Nxd4 d6 6. e4 h4 7. h3 g6 8. Be3 Bg7 9. Be2 Nf6 10. Qd2 Bd7 11. Rc1 Rc8 12. b3 Nxd4 13. Bxd4 Qa5 14. Bf3 Bh6 15. Be3 Bxe3 16. Qxe3 Qc5 17. Qd2 Qe5 18. O-O O-O 19. Rfe1 Kg7 20. Nd5 Rfe8 21. Qe3 Nxd5 22. cxd5 b6 23. Qd2 Rc5 24. b4 Rcc8 25. a3 f6 26. Qd3 Qf4 27. Qd1 Qg5 28. Kh1 Qf4 29. Kg1 Qg5 30. Kh1 Rf8 31. Re3 Rxc1 32. Qxc1 Rc8 33. Qd2 Ba4 34. Bd1 Bd7 35. Bb3 Qe5 36. Re1 g5 37. Bd1 Qc3 38. Qe2 Qxa3 39. f4 gxf4 40. Qh5 Qg3 41. Rf1 Rc1 42. Be2 Rxf1+ 43. Bxf1 Qe1 44. Kg1 Qe3+ 45. Kh1 Qf2 46. Bd3 Qe1+ 47. Kh2 Qg3+ 48. Kh1 Qxd3 49. Qxh4 Qxe4 0-1


[Site "https://www.chess.com"]

[Event "Titled Tuesday Blitz June 07 Early 2022"]
[White "Srinath, Rao S.V."]
[Black "Rustemov, Alexander"]
[WhiteFideId "5028876"]
[BlackFideId "4119002"]
[WhiteElo "2181"]
[BlackElo "2784"]
[Result "0-1"]
[Round "06"]
[TimeControl "180+1"]
[Date "2022.06.07"]
[WhiteClock "0:00:18"]
[BlackClock "0:01:29"]

1. e4 e6 2. d4 d5 3. Nc3 Bb4 4. e5 c5 5. a3 Bxc3+ 6. bxc3 Ne7 7. h4 Qc7 8. Nf3 b6 9. h5 h6 10. Rh4 Ba6 11. Bxa6 Nxa6 12. Rg4 Nf5 13. Rf4 Nb8 14. g4 Ne7 15. a4 Nd7 16. Ba3 f6 17. Qe2 O-O 18. O-O-O fxe5 19. Rxf8+ Rxf8 20. dxe5 Nc6 21. Re1 Rf4 22. g5 Re4 23. Qf1 Ndxe5 24. Rxe4 dxe4 25. Nd2 Nf3 26. gxh6 Qf4 27. Qe2 gxh6 28. Kd1 Ng5 29. Qc4 Kf7 30. Qb5 Ne5 31. Qa6 Qxf2 32. Qb7+ Kf6 33. a5 e3 0-1


[Site "https://www.chess.com"]

[Event "Titled Tuesday Blitz June 07 Early 2022"]
[White "Stribuk, Artiom"]
[Black "Florescu, Codrut-Constantin"]
[WhiteFideId "13515659"]
[BlackFideId "1202200"]
[WhiteElo "2259"]
[BlackElo "2191"]
[Result "1/2-1/2"]
[Round "06"]
[TimeControl "180+1"]
[Date "2022.06.07"]
[WhiteClock "0:00:07"]
[BlackClock "0:00:18"]

1. d4 Nf6 2. c4 e6 3. Nc3 Bb4 4. Qc2 O-O 5. e4 d6 6. a3 Bxc3+ 7. bxc3 e5 8. Bd3 h6 9. Ne2 Nc6 10. O-O b6 11. f4 Ba6 12. fxe5 dxe5 13. d5 Na5 14. Ng3 Bxc4 15. Nf5 Nh7 16. Rf3 Kh8 17. Rg3 Rg8 18. Be3 Bxd3 19. Qxd3 Nb7 20. Rf1 Nd6 21. Nxd6 Qxd6 22. Rxf7 Raf8 23. Qf1 Qxa3 24. h4 Qxc3 25. Kh2 Qb4 26. Qf5 Rxf7 27. Qxf7 Qxe4 28. Kh3 g5 29. hxg5 Qg6 30. Qxg6 Rxg6 31. gxh6 Rxg3+ 32. Kxg3 a5 33. Kf3 Nf6 34. g4 Kh7 35. g5 Nxd5 36. Bc1 Nc3 37. Kg4 Kg6 38. Bb2 Nd5 39. Bxe5 b5 40. Kf3 Ne7 41. Ke4 c6 42. Kd4 Nf5+ 43. Kc5 Nxh6 44. gxh6 Kxh6 45. Kxc6 b4 46. Kb5 b3 47. Bb2 a4 48. Kxa4 Kg6 49. Kxb3 1/2-1/2


[Site "https://www.chess.com"]

[Event "Titled Tuesday Blitz June 07 Early 2022"]
[White "Svane, Frederik"]
[Black "Piesik, Piotr"]
[WhiteFideId "12923044"]
[BlackFideId "1136194"]
[WhiteElo "2459"]
[BlackElo "2247"]
[Result "1-0"]
[Round "06"]
[TimeControl "180+1"]
[Date "2022.06.07"]
[WhiteClock "0:00:57"]
[BlackClock "0:00:34"]

1. a3 g6 2. d4 Bg7 3. Nf3 Nf6 4. e3 O-O 5. b4 d6 6. Bb2 Nbd7 7. Be2 e5 8. dxe5 Ng4 9. O-O Ngxe5 10. Nxe5 dxe5 11. c4 a5 12. Nc3 axb4 13. axb4 Rxa1 14. Qxa1 c6 15. c5 Nf6 16. Na4 Qd2 17. Bxe5 Qxe2 18. Bxf6 Bxf6 19. Qxf6 Be6 20. Nc3 Qb2 21. Rb1 Qc2 22. h4 h5 23. Rd1 Bf5 24. Qd4 Ra8 25. Rd2 Qc1+ 26. Kh2 Qf1 27. e4 Be6 28. Rd1 Qc4 29. Qxc4 Bxc4 30. Rd4 Be6 31. f3 Ra3 32. Ne2 Kf8 33. Rd8+ Ke7 34. Rb8 Ra7 35. Kg3 Kd7 36. Nd4 Bc4 37. Kf4 Kc7 38. Re8 Ra4 39. Re7+ Kb8 40. g4 Rxb4 41. gxh5 gxh5 42. Re5 Kc7 43. Rxh5 b6 44. Rh6 Ba6 45. Rxc6+ 1-0


[Site "https://www.chess.com"]

[Event "Titled Tuesday Blitz June 07 Early 2022"]
[White "Terry, Renato"]
[Black "Goltsev, Dmitry"]
[WhiteFideId "3803457"]
[BlackFideId "24176710"]
[WhiteElo "2577"]
[BlackElo "2258"]
[Result "1/2-1/2"]
[Round "06"]
[TimeControl "180+1"]
[Date "2022.06.07"]
[WhiteClock "0:00:04"]
[BlackClock "0:00:08"]

1. d4 Nf6 2. Bg5 e6 3. e4 Be7 4. Bd3 d5 5. e5 Nfd7 6. h4 Bxg5 7. hxg5 Qxg5 8. Nf3 Qxg2 9. Rh2 Qg4 10. Rh4 Qg2 11. Nc3 a6 12. Qe2 g5 13. Rh5 h6 14. O-O-O Qg4 15. Rdh1 Nc6 16. Qe3 Qf4 17. Rxh6 Qxe3+ 18. fxe3 Rxh6 19. Rxh6 g4 20. Ng5 Ncxe5 21. dxe5 Nxe5 22. e4 d4 23. Ne2 c5 24. Nf4 Ke7 25. Rh8 b5 26. Rh5 Nc6 27. Be2 g3 28. Rh3 Bd7 29. Rxg3 Rg8 30. Rg2 Ne5 31. Nf3 Rxg2 32. Nxg2 Ng4 33. Nxd4 Nf2 34. Nb3 Nxe4 35. Bf3 Ng5 36. Bb7 c4 37. Nc5 a5 38. Nxd7 Kxd7 39. Kd2 e5 40. Ne3 Ne6 41. Nf5 Nc5 42. Bd5 f6 43. Ke3 Na4 44. b3 cxb3 45. axb3 Nc3 46. Bf7 a4 47. bxa4 bxa4 48. Kd3 Nb5 49. c4 Nd6 50. Bg6 Nxf5 51. Bxf5+ Kd6 52. Kc3 Kc5 53. Be4 a3 54. Bb1 f5 55. Bxf5 a2 56. Kb2 a1=Q+ 57. Kxa1 Kxc4 58. Kb2 e4 59. Bxe4 1/2-1/2


[Site "https://www.chess.com"]

[Event "Titled Tuesday Blitz June 07 Early 2022"]
[White "Vokhidov, Shamsiddin"]
[Black "Cardoso Cardoso, Jose Gabriel"]
[WhiteFideId "14204223"]
[BlackFideId "4430492"]
[WhiteElo "2611"]
[BlackElo "2485"]
[Result "1-0"]
[Round "06"]
[TimeControl "180+1"]
[Date "2022.06.07"]
[WhiteClock "0:00:10"]
[BlackClock "0:00:02"]

1. e4 c5 2. Nf3 e6 3. d4 cxd4 4. Nxd4 Nc6 5. Nc3 Qc7 6. Be3 a6 7. Qf3 Nf6 8. O-O-O Rb8 9. Kb1 Bb4 10. Bf4 e5 11. Nd5 Nxd5 12. exd5 exf4 13. dxc6 O-O 14. cxd7 Bxd7 15. Bd3 Rbd8 16. Ne2 Bc6 17. Be4 Bxe4 18. Qxe4 Bc5 19. Qf3 Qc6 20. Qxc6 bxc6 21. Nxf4 Bxf2 22. Nd3 Bb6 23. Nb4 c5 24. Nd5 Ba5 25. c3 g6 26. b4 cxb4 27. cxb4 Bxb4 28. Nxb4 Rb8 29. a3 a5 30. Rd4 axb4 31. axb4 Rfe8 32. Rc1 Re2 33. Rc2 Re5 34. Kb2 Rb7 35. Kb3 f5 36. Rcd2 Ree7 37. Rd5 Re3+ 38. R2d3 Rxd3+ 39. Rxd3 Kf7 40. Kc4 Rc7+ 41. Kb5 Rb7+ 42. Kc5 Rc7+ 43. Kb6 Rc2 44. g3 Rxh2 45. b5 Rb2 46. Kc6 Kf6 47. b6 g5 48. b7 f4 49. gxf4 gxf4 50. Rd4 Ke5 51. Rd5+ Ke4 52. Rb5 Rc2+ 53. Kb6 1-0


[Site "https://www.chess.com"]

[Event "Titled Tuesday Blitz June 07 Early 2022"]
[White "Xiong, Jeffery"]
[Black "Nesterov, Arseniy"]
[WhiteFideId "2047640"]
[BlackFideId "24198455"]
[WhiteElo "2714"]
[BlackElo "2489"]
[Result "1-0"]
[Round "06"]
[TimeControl "180+1"]
[Date "2022.06.07"]
[WhiteClock "0:00:34"]
[BlackClock "0:00:02"]

1. e4 e5 2. Nf3 Nc6 3. Nc3 Nf6 4. d4 exd4 5. Nxd4 Bb4 6. Nxc6 bxc6 7. Bd3 O-O 8. O-O d5 9. exd5 cxd5 10. h3 c6 11. Qf3 h6 12. Bf4 Bd6 13. Rfe1 Be6 14. Ne2 c5 15. Rad1 Re8 16. b3 Bxf4 17. Nxf4 Qd6 18. c4 d4 19. Nxe6 fxe6 20. Bg6 Rf8 21. Re2 Nd7 22. Qe4 e5 23. Rde1 Rad8 24. Qd3 Rf6 25. Bh7+ Kh8 26. Bf5 Rdf8 27. Bxd7 Qxd7 28. Rxe5 Rxf2 29. Rxc5 Rxa2 30. Rf1 Rxf1+ 31. Qxf1 Qe6 32. Kh1 Re2 33. Qf4 d3 34. Rd5 Re3 35. Rd6 Qe7 36. Qd4 Rg3 37. Rxh6+ Kg8 38. Qd5+ Kf8 39. Rh8# 1-0


[Site "https://www.chess.com"]

[Event "Titled Tuesday Blitz June 07 Early 2022"]
[White "Xu, Yi"]
[Black "Sarana, Alexey"]
[WhiteFideId "8605564"]
[BlackFideId "24133795"]
[WhiteElo "2471"]
[BlackElo "2666"]
[Result "1/2-1/2"]
[Round "06"]
[TimeControl "180+1"]
[Date "2022.06.07"]
[WhiteClock "0:00:05"]
[BlackClock "0:00:04"]

1. e4 c5 2. Nf3 d6 3. d4 cxd4 4. Nxd4 Nf6 5. Nc3 a6 6. h3 b5 7. a3 Bb7 8. Bd3 Nc6 9. Be3 e6 10. f4 Be7 11. Qe2 Rc8 12. O-O O-O 13. Rad1 Nd7 14. f5 Nxd4 15. Bxd4 Ne5 16. Kh1 Bf6 17. Qe3 Qe7 18. Be2 Bg5 19. Qg3 Bh4 20. Qe3 Rfd8 21. fxe6 fxe6 22. Bxe5 dxe5 23. Rxd8+ Rxd8 24. Rd1 Rxd1+ 25. Bxd1 Bg5 26. Qb6 Bc1 27. Bg4 Bc8 28. Qc6 Qd7 29. Qxd7 Bxd7 30. Nd1 Kf7 31. Kg1 Kf6 32. Kf2 Be8 33. Bf3 h5 34. g3 g5 35. h4 gxh4 36. gxh4 Ke7 37. Be2 Kd6 38. Bd3 Kc5 39. Ke2 a5 40. Kf2 b4 41. axb4+ Kxb4 42. Ke2 a4 43. Ba6 Kc5 44. Kd3 Bxb2 45. Nxb2 a3 46. Kc3 axb2 47. Kxb2 Kd4 48. Bb7 Ke3 49. Kb3 Kf4 50. c4 Kg4 51. c5 Kxh4 52. c6 Kg5 53. c7 Bd7 54. c8=Q Bxc8 55. Bxc8 Kf4 56. Bxe6 Kxe4 57. Kc3 Kf3 58. Kd2 e4 59. Ke1 h4 60. Bf5 e3 61. Be6 Kg2 62. Ke2 h3 63. Bxh3+ Kxh3 64. Kxe3 1/2-1/2


[Site "https://www.chess.com"]

[Event "Titled Tuesday Blitz June 07 Early 2022"]
[White "Aitbayev, Aslan"]
[Black "Terry, Renato"]
[WhiteFideId "13704613"]
[BlackFideId "3803457"]
[WhiteElo "2385"]
[BlackElo "2577"]
[Result "0-1"]
[Round "07"]
[TimeControl "180+1"]
[Date "2022.06.07"]
[WhiteClock "0:00:05"]
[BlackClock "0:00:03"]

1. e4 e6 2. d4 d5 3. Nd2 Be7 4. Ngf3 Nf6 5. e5 Nfd7 6. Bd3 c5 7. c3 Nc6 8. O-O g5 9. Nb1 h5 10. Be3 g4 11. Ne1 Qb6 12. b3 cxd4 13. cxd4 a5 14. Nc2 a4 15. Nc3 axb3 16. axb3 Rxa1 17. Qxa1 Rg8 18. Nb5 Ndb8 19. f3 g3 20. hxg3 Rxg3 21. Qe1 Rg8 22. f4 Na6 23. Qe2 Nab4 24. Nxb4 Nxb4 25. Bb1 h4 26. Kh1 Bd7 27. Nc3 Rg3 28. Rf3 Nc6 29. Rxg3 hxg3 30. Qd1 Bb4 31. Ne2 Qd8 32. Kg1 Qh4 33. Kf1 Be7 34. Qe1 Qh1+ 35. Bg1 Nb4 36. Qxg3 Bb5 37. Qf3 Nc6 38. Bd3 Bxd3 39. Qxd3 Qh4 40. Qf3 Qh7 41. g3 Qc2 42. g4 Na5 43. f5 Nxb3 44. fxe6 Nd2+ 0-1


[Site "https://www.chess.com"]

[Event "Titled Tuesday Blitz June 07 Early 2022"]
[White "Andreikin, Dmitry"]
[Black "Martin Carmona, Gaston Manuel"]
[WhiteFideId "4158814"]
[BlackFideId "22284567"]
[WhiteElo "2736"]
[BlackElo "2162"]
[Result "1-0"]
[Round "07"]
[TimeControl "180+1"]
[Date "2022.06.07"]
[WhiteClock "0:01:44"]
[BlackClock "0:00:43"]

1. d4 Nf6 2. c4 e6 3. Nf3 d5 4. g3 Be7 5. Bg2 O-O 6. O-O c6 7. Nbd2 Nbd7 8. Qc2 b6 9. e4 Bb7 10. e5 Ne8 11. cxd5 cxd5 12. Nb1 a5 13. Nc3 Ba6 14. Rd1 Nc7 15. h4 h6 16. Bf1 Bxf1 17. Rxf1 b5 18. Ne2 b4 19. Nf4 Rc8 20. Nh5 f5 21. exf6 Nxf6 22. Nf4 Ne4 23. Ne5 Bd6 24. Neg6 Rf6 25. h5 Nb5 26. Qd3 Qd7 27. Be3 Rc4 28. Rac1 Qc8 29. b3 Rxc1 30. Rxc1 Nbc3 31. Kg2 Bxf4 32. Ne7+ Kf7 33. Nxc8 Bxe3 34. Qxe3 1-0


[Site "https://www.chess.com"]

[Event "Titled Tuesday Blitz June 07 Early 2022"]
[White "Babazada, Khazar"]
[Black "Thavandiran, Shiyam"]
[WhiteFideId "13413554"]
[BlackFideId "2605058"]
[WhiteElo "2406"]
[BlackElo "2357"]
[Result "0-1"]
[Round "07"]
[TimeControl "180+1"]
[Date "2022.06.07"]
[WhiteClock "0:00:26"]
[BlackClock "0:00:04"]

1. e4 e6 2. d4 d5 3. Nc3 Nf6 4. e5 Nfd7 5. Nce2 c5 6. c3 Nc6 7. Nf3 b5 8. Nf4 b4 9. Bd3 bxc3 10. bxc3 cxd4 11. cxd4 Ba6 12. O-O Bxd3 13. Qxd3 Be7 14. Nh5 O-O 15. h3 Re8 16. Nh2 g6 17. Ng4 Kh8 18. Nf4 Rc8 19. Be3 Bf8 20. g3 Na5 21. h4 Nc4 22. Bc1 f5 23. Ne3 Kg8 24. h5 g5 25. Nxe6 Rxe6 26. Qxf5 Rcc6 27. Nxd5 Ndxe5 28. Ne3 Nf7 29. d5 Re5 30. Qf3 Nxe3 31. fxe3 Qxd5 32. e4 Qe6 33. Bb2 Rxe4 34. Rad1 Bc5+ 35. Kh1 Qh3# 0-1


[Site "https://www.chess.com"]

[Event "Titled Tuesday Blitz June 07 Early 2022"]
[White "Cardoso Cardoso, Jose Gabriel"]
[Black "Mustafayev, Farid"]
[WhiteFideId "4430492"]
[BlackFideId "13408771"]
[WhiteElo "2485"]
[BlackElo "2115"]
[Result "1-0"]
[Round "07"]
[TimeControl "180+1"]
[Date "2022.06.07"]
[WhiteClock "0:00:55"]
[BlackClock "0:01:44"]

1. c4 Nf6 2. g3 e6 3. Nf3 b6 4. Bg2 Bb7 5. O-O c5 6. Nc3 Be7 7. Re1 d5 8. cxd5 exd5 9. d4 O-O 10. Bg5 Nbd7 11. Ne5 Ne4 12. Bxe7 Qxe7 13. Nxe4 Nxe5 14. Nc3 Nc4 15. Nxd5 Qd8 16. dxc5 Nxb2 17. Qb3 Na4 18. Qxa4 Bxd5 19. Rad1 1-0


[Site "https://www.chess.com"]

[Event "Titled Tuesday Blitz June 07 Early 2022"]
[White "Demchenko, Anton"]
[Black "Suleymanli, Aydin"]
[WhiteFideId "4160258"]
[BlackFideId "13413937"]
[WhiteElo "2539"]
[BlackElo "2481"]
[Result "1/2-1/2"]
[Round "07"]
[TimeControl "180+1"]
[Date "2022.06.07"]
[WhiteClock "0:00:24"]
[BlackClock "0:00:45"]

1. e4 c6 2. d4 d5 3. e5 Bf5 4. Bd3 Bxd3 5. Qxd3 Qa5+ 6. c3 e6 7. Ne2 Qa6 8. Qd1 c5 9. O-O Nd7 10. Nd2 Ne7 11. Nf3 h6 12. Ng3 g6 13. Be3 Bg7 14. Qd2 b6 15. b4 cxb4 16. cxb4 Rc8 17. a4 Rc4 18. b5 Qb7 19. Rfc1 h5 20. h4 O-O 21. Bg5 Nf5 22. Nxf5 exf5 23. Re1 Re8 24. Rac1 Rxc1 25. Rxc1 Rc8 26. Bh6 Nf8 27. Bxg7 Kxg7 28. Ng5 Rc7 29. g3 Qc8 30. Rxc7 Qxc7 31. Qb4 f4 32. gxf4 Qc1+ 33. Kg2 Qxf4 34. Qe7 Qg4+ 35. Kf1 Qd1+ 36. Kg2 Qg4+ 37. Kf1 Qd1+ 38. Kg2 Qg4+ 1/2-1/2


[Site "https://www.chess.com"]

[Event "Titled Tuesday Blitz June 07 Early 2022"]
[White "Djokic, Mihailo"]
[Black "Yuan, Qingyu"]
[WhiteFideId "976440"]
[BlackFideId "8609772"]
[WhiteElo "2255"]
[BlackElo "2359"]
[Result "1-0"]
[Round "07"]
[TimeControl "180+1"]
[Date "2022.06.07"]
[WhiteClock "0:00:16"]
[BlackClock "0:00:11"]

1. e4 c6 2. d4 d5 3. e5 c5 4. dxc5 e6 5. Nf3 Bxc5 6. Bd3 f6 7. Qe2 fxe5 8. Nxe5 Nf6 9. O-O O-O 10. Nd2 Nc6 11. Ndf3 Bd7 12. c3 Bd6 13. Bf4 Qc7 14. Bg3 Rae8 15. Rfe1 a6 16. Rad1 Bc8 17. Nxc6 Bxg3 18. hxg3 Qxc6 19. Ne5 Qc7 20. f4 b5 21. Qf2 Bb7 22. Qd4 Nd7 23. Nxd7 Qxd7 24. Re5 Bc8 25. Rde1 Qf7 26. a4 bxa4 27. Qxa4 Qb7 28. R1e2 Rd8 29. Qd4 Rd6 30. f5 exf5 31. Re7 Qb6 32. Rxg7+ Kh8 33. Ree7 Qxd4+ 34. cxd4 Rh6 35. Rc7 Be6 36. Rge7 Bg8 37. Rb7 f4 38. g4 f3 39. Bf5 fxg2 40. Kxg2 Rd8 41. b4 Rdd6 42. Re8 Rb6 43. Ra7 Rhg6 44. Bxg6 Rxg6 45. Kg3 h6 46. Raa8 Kh7 47. Kf4 Rf6+ 48. Ke5 Rg6 49. Re7+ Kh8 50. Kf4 Rf6+ 51. Kg3 Rg6 52. Kh4 Rg5 53. Rxa6 Bh7 54. Rxh6 Rg7 55. Rxg7 Kxg7 56. Rxh7+ Kxh7 57. Kg5 Kg7 58. Kf5 Kf7 59. Ke5 Ke7 60. g5 Kd7 61. b5 Kc7 62. Kxd5 Kd7 63. b6 Kc8 64. Kc6 Kb8 65. g6 Kc8 66. g7 Kd8 67. g8=Q+ Ke7 68. b7 Kf6 69. b8=Q Ke7 70. Qd6# 1-0


[Site "https://www.chess.com"]

[Event "Titled Tuesday Blitz June 07 Early 2022"]
[White "Gong, Patrick"]
[Black "Xu, Yi"]
[WhiteFideId "3222500"]
[BlackFideId "8605564"]
[WhiteElo "2103"]
[BlackElo "2471"]
[Result "0-1"]
[Round "07"]
[TimeControl "180+1"]
[Date "2022.06.07"]
[WhiteClock "0:00:03"]
[BlackClock "0:00:11"]

1. g3 d5 2. Bg2 Nf6 3. d3 e5 4. Nf3 Nbd7 5. O-O Bd6 6. Nc3 c6 7. e4 O-O 8. a3 d4 9. Ne2 c5 10. Nh4 Re8 11. c3 Bf8 12. Bd2 b5 13. a4 bxa4 14. Qxa4 Nb6 15. Qc2 Be6 16. c4 Nfd7 17. h3 Nc8 18. f4 f6 19. Ba5 Ncb6 20. Nf3 Bd6 21. fxe5 Nxe5 22. Nf4 Nxf3+ 23. Rxf3 Qd7 24. Nxe6 Qxe6 25. Kh2 Nd7 26. Bd2 Ne5 27. Rff1 Re7 28. Ra6 Rb7 29. b4 Rb6 30. Rfa1 Rxa6 31. Rxa6 Qe7 32. b5 Bc7 33. Bf4 Bb6 34. Qa2 Rf8 35. Qe2 g6 36. Ra1 Kg7 37. Rf1 h5 38. Qd2 Rf7 39. Bxe5 Qxe5 40. Qf4 Bc7 41. Qxe5 Bxe5 42. h4 g5 43. hxg5 fxg5 44. Rxf7+ Kxf7 45. Kh3 Kg6 46. g4 h4 47. Bf1 Kf6 48. Kg2 Bc7 49. Kf3 Ke5 50. Be2 h3 51. Kg3 h2 52. Kxh2 Kf4 53. Kg2 Ke3 54. Bf1 Bf4 55. Kg1 Kf3 56. Bg2+ Ke2 57. e5 Kxd3 58. e6 Bd6 59. Bd5 Ke2 60. Bg2 d3 61. Bf1+ Ke3 0-1


[Site "https://www.chess.com"]

[Event "Titled Tuesday Blitz June 07 Early 2022"]
[White "Gormally, Daniel W"]
[Black "Costachi, Mihnea"]
[WhiteFideId "406465"]
[BlackFideId "1217518"]
[WhiteElo "2543"]
[BlackElo "2476"]
[Result "0-1"]
[Round "07"]
[TimeControl "180+1"]
[Date "2022.06.07"]
[WhiteClock "0:00:40"]
[BlackClock "0:00:50"]

1. d4 Nf6 2. c4 g6 3. Nc3 Bg7 4. e4 O-O 5. f3 d6 6. Bg5 c5 7. d5 e6 8. Qd2 exd5 9. cxd5 h6 10. Be3 a6 11. a4 Nbd7 12. Nh3 Rb8 13. Nf2 h5 14. Be2 Ne5 15. O-O Bd7 16. a5 Bc8 17. b4 Nfd7 18. bxc5 Nxc5 19. Rfb1 b5 20. Bh6 f5 21. Bxg7 Kxg7 22. f4 Ng4 23. Nxg4 hxg4 24. Qd4+ Kg8 25. e5 Bb7 26. exd6 Qxd6 27. Nxb5 axb5 28. Rxb5 Ne4 29. Rab1 Ba8 30. Bc4 Rxb5 31. Rxb5 Rc8 32. Rb6 Qc5 33. Qxc5 Rxc5 34. d6+ Rxc4 0-1


[Site "https://www.chess.com"]

[Event "Titled Tuesday Blitz June 07 Early 2022"]
[White "Grafil, Franz Robert"]
[Black "Harvey, Marcus R"]
[WhiteFideId "5205298"]
[BlackFideId "400092"]
[WhiteElo "2211"]
[BlackElo "2485"]
[Result "0-1"]
[Round "07"]
[TimeControl "180+1"]
[Date "2022.06.07"]
[WhiteClock "0:00:02"]
[BlackClock "0:00:27"]

1. Nf3 d5 2. c4 e6 3. g3 Nf6 4. Bg2 Be7 5. O-O O-O 6. b3 d4 7. e3 c5 8. exd4 cxd4 9. d3 Nc6 10. Bg5 Nd7 11. Bxe7 Qxe7 12. Nbd2 a5 13. Ne1 Nc5 14. Qe2 Rd8 15. Nc2 Bd7 16. a3 Be8 17. Rfe1 Rab8 18. b4 Na4 19. b5 Na7 20. f4 Nc5 21. Nf3 Qf6 22. Rad1 Na4 23. Qe5 Qxe5 24. Rxe5 Nc8 25. Ncxd4 Nd6 26. Ree1 b6 27. Ne5 Rbc8 28. Ndc6 Bxc6 29. Nxc6 Rd7 30. Rc1 Nf5 31. Bh3 Nd4 32. Nxd4 Rxd4 33. Rxe6 Rxd3 34. Re7 Rcd8 35. Bg2 Kf8 36. Rce1 R3d7 37. Rxd7 Rxd7 38. Bc6 Rd8 39. Kf2 Nb2 40. Re4 f5 41. Re2 Nxc4 42. a4 Kf7 43. h3 Rd4 44. Kg2 Nd6 45. Ra2 h6 46. h4 Kf6 47. Kf2 g6 48. Kg2 Nf7 49. Kf2 Nd8 50. Bf3 Ne6 51. Rc2 Nc5 52. Re2 Rxa4 53. Re8 Ra2+ 54. Kg1 Ra3 55. Kg2 Rb3 0-1


[Site "https://www.chess.com"]

[Event "Titled Tuesday Blitz June 07 Early 2022"]
[White "Gunina, Valentina"]
[Black "Hasangatin, Ramil"]
[WhiteFideId "4167570"]
[BlackFideId "4122160"]
[WhiteElo "2386"]
[BlackElo "2384"]
[Result "1-0"]
[Round "07"]
[TimeControl "180+1"]
[Date "2022.06.07"]
[WhiteClock "0:00:16"]
[BlackClock "0:00:04"]

1. d4 d6 2. c4 e5 3. Nf3 e4 4. Ng5 f5 5. f3 Be7 6. Nh3 Nf6 7. Nc3 O-O 8. Nf2 exf3 9. gxf3 c5 10. dxc5 dxc5 11. Qxd8 Rxd8 12. e4 fxe4 13. Nfxe4 Nxe4 14. Nxe4 Bh4+ 15. Ke2 Nc6 16. Be3 Be6 17. b3 Nd4+ 18. Bxd4 Rxd4 19. Nxc5 Re8 20. Ne4 Bg4 21. Ke3 Bxf3 22. Kxf3 Rexe4 23. Bd3 Rf4+ 24. Ke2 Rf2+ 25. Ke3 Rd8 26. Be4 Re8 27. Kd3 Bg5 28. Bd5+ Kh8 29. Rae1 Rd2+ 30. Kc3 Rde2 31. Rxe2 Rxe2 32. Bxb7 Rxa2 33. Bd5 Bf6+ 34. Kb4 Be7+ 35. Kb5 g6 36. h4 Kg7 37. h5 Kf6 38. Rf1+ Ke5 39. Rf7 Bg5 40. Rxh7 gxh5 41. Rxh5 Kf6 42. c5 Be3 43. Rh3 Bd4 44. c6 a6+ 45. Kc4 Bb6 46. Rh6+ Ke5 47. Re6+ Kf5 48. Re7 Rc2+ 49. Kd3 Rc5 50. Be4+ Kf6 51. Rb7 Ba5 52. b4 1-0


[Site "https://www.chess.com"]

[Event "Titled Tuesday Blitz June 07 Early 2022"]
[White "Howell, David W L"]
[Black "Goltsev, Dmitry"]
[WhiteFideId "410608"]
[BlackFideId "24176710"]
[WhiteElo "2559"]
[BlackElo "2258"]
[Result "1-0"]
[Round "07"]
[TimeControl "180+1"]
[Date "2022.06.07"]
[WhiteClock "0:00:03"]
[BlackClock "0:00:10"]

1. e4 e6 2. Nf3 d5 3. e5 c5 4. b4 cxb4 5. a3 bxa3 6. d4 Nc6 7. Bd3 Nge7 8. c3 Nf5 9. h4 Be7 10. h5 a6 11. Nbd2 Bd7 12. Bxa3 Bxa3 13. Rxa3 b5 14. Nb3 Qb6 15. Nc5 b4 16. Rb3 a5 17. Rb2 Nfe7 18. h6 g6 19. O-O a4 20. cxb4 a3 21. Rb3 a2 22. Qa1 Nxb4 23. Qb2 Nxd3 24. Nxd3 Qa5 25. Ra1 O-O 26. Nc5 Bc6 27. g4 Qa7 28. Kh2 Nc8 29. Kg3 Qe7 30. Rxa2 Rxa2 31. Qxa2 f6 32. Qd2 fxe5 33. Nxe5 Be8 34. Rb7 Qf6 35. f3 Ne7 36. Ncd3 g5 37. Qh2 Nc6 38. Rc7 Nxd4 39. Rg7+ Kh8 40. Qb2 Qxh6 41. Re7 Qf6 42. Qxd4 Kg8 43. Ra7 h5 44. Kg2 hxg4 45. Qxg4 Bb5 46. Qh5 1-0


[Site "https://www.chess.com"]